Unix NetHack Version 5.0.0-0 post-release - last build Jun 10 2026 00:39:30 (3ee93aec679c4c4259841fe613dc97188e26a321,branch:main).

Game began 2026-07-07 03:21:21, ended 2026-07-07 03:31:53.

JohnDarcy, neutral male human Tourist

              --------------
              |............|
              |............|                         ----------
              +@f..........|                         +........|
              -----------|--                         |........|      ------
                         #                           .........|      |....|
                         #                           |........|######.....|
                        ##                           -........|#     |{...|
                       ##                 -          ---.------#     |..<.|
    ------             #          #       .             #########    .....|
    |.....             #        #### .....|        #######     #     |....|
    |.(..|        -----|-----`#####       |  `###########      #     ----|-
    |....-########-..........###   #       ####      -.-.--   ##         #
    |....|        |--|-.-----      #### ####         |....|
    |....|        |...|.|             `#####         +....|
    |....|        |.[[|.+                            |{..(.
    ------        |[[.|.|                            ------
                  -------

JohnDarcy the Rambler       St:9 Dx:11 Co:13 In:13 Wi:10 Ch:16  Neutral
Dlvl:5  $:898 HP:0(19) Pw:12(12) AC:10 Xp:2 T:1023 

Latest messages:
 You swap places with Sponge.
 You see here 4 +2 darts.
 a - 4 +2 darts (at the ready) (29 in total).
 There is nothing here to pick up.
 What do you want to drop? [$a-eijl-ort-w or ?*] w
 You drop a runed dagger.
 You see here a runed dagger.
 w - a runed dagger.
 What do you want to wield? [- aw or ?*] w
 w - a runed dagger (weapon in right hand).
 What do you want to adjust? [a-eijl-ort-w or ?*] w
 Adjust letter to what [f-hkpqsw-zA-Z] (? see used letters)? s
 Moving: s - a runed dagger (weapon in right hand).
 What do you want to name? [a-eijl-or-v or ?*] s
 What do you want to name this runed dagger? Sting
 "Aloha, JohnDarcy!  Welcome to Alaca's used armor dealership!"
 You are not wearing any armor.
 You stop.  Sponge is in the way!
 You stop.  Sponge is in the way!
 You see here a splint mail (for sale, 80 zorkmids).
 Sponge picks up an apron.
 Sponge drops an apron.
 What do you want to throw? [$a or ?*] e
 In what direction? 1
 Sponge catches the tripe ration.
 Sponge eats an uncursed tripe ration.
 You see here an apron (no charge).
 x - an apron.
 Sponge picks up a long sword.
 Sponge drops a long sword.
 Sponge picks up a long sword.
 Sponge drops a long sword.
 You see here a long sword (no charge).
 y - a long sword.
 You shudder for a moment.
 The door opens.
 You find a hidden door.
 The door resists!
 The door opens.
 You hear someone cursing shoplifters.
 This door is locked.
 Unlock it with your credit card? [ynq] (q) y
 You stop picking the lock.
 You shudder for a moment.
 You die...
 Do you want your possessions identified? [ynq] (y) y
 Do you want to see your attributes? [ynq] (y) y
 Do you want an account of creatures vanquished? [ynaq] (y) y
 Do you want to see your conduct and achievements? [ynq] (y) y
 Do you want to see the dungeon overview? [ynq] (y) y

Inventory:
 Coins    ('$')
  $ - 898 gold pieces
 Weapons  (')')
  a - 29 +2 darts (at the ready)
  s - the +0 Sting (weapon in right hand)
  y - a +1 long sword
 Armor    ('[')
  x - an uncursed +0 alchemy smock with text "If you can't stand the heat, get out of Gehennom!"
 Comestibles  ('%')
  d - an uncursed apple
  b - 2 uncursed food rations
  l - an uncursed melon
  e - 4 uncursed tripe rations
  o - 2 uncursed lichen corpses
 Scrolls  ('?')
  j - 4 uncursed scrolls of magic mapping
 Potions  ('!')
  t - an uncursed potion of booze
  i - 2 uncursed potions of extra healing
  n - 2 uncursed potions of healing
 Rings    ('=')
  r - a cursed ring of polymorph (on left hand)
  u - an uncursed ring of teleport control (on right hand)
 Tools    ('(')
  m - an uncursed credit card
  c - an expensive camera (0:89)
 Gems/Stones  ('*')
  v - an uncursed worthless piece of yellow glass

JohnDarcy the Tourist's attributes:

Background:
 You were a Rambler, a level 2 male human Tourist.
 You were neutral, nominally on a mission for The Lady
 who was opposed by Blind Io (lawful) and Offler (chaotic).
 You were right-handed.
 You were in the Dungeons of Doom, on level 5.
 You entered the dungeon 1023 turns ago.
 It was nighttime.
 You had 39 experience points, 1 more was needed to attain level 3.

Basics:
 You had 0 out of 19 hit points.
 You had all 12 energy points (spell power).
 Your armor class was 10.
 Your wallet contained 898 zorkmids.
 Autopickup was off.

Final Characteristics:
 Your strength was 9 (limit:18/100).
 Your dexterity was 11 (limit:18).
 Your constitution was 13 (limit:18).
 Your intelligence was 13 (limit:18).
 Your wisdom was 10 (limit:18).
 Your charisma was 16 (limit:18).

Final Status:
 You weren't hungry.
 You were unencumbered.
 You were wielding a dagger.
 You were unskilled in dagger.
 You weren't wearing any armor.

Final Attributes:
 You were fervently aligned.
 You were aware of the presence of orcs.
 You had teleport control.
 You were polymorphing periodically.
 You are dead.

Miscellaneous:
 You didn't encounter any bones levels.
 Total elapsed playing time was 10 minutes and 31 seconds.

Major events:
 Turn
    1: JohnDarcy the neutral male human Tourist entered the dungeon
  918: became literate by naming Sting
 1023: killed by a system shock

You didn't know any spells.

Skills:
 Fighting Skills
   bare handed combat [Unskilled]
   two weapon combat  [Unskilled]
   riding             [Unskilled]
 Weapon Skills
   dagger             [Unskilled]
   knife              [Unskilled]
   axe                [Unskilled]
   pick-axe           [Unskilled]
   short sword        [Unskilled]
   broadsword         [Unskilled]
   long sword         [Unskilled]
   two-handed sword   [Unskilled]
   saber              [Unskilled]
   mace               [Unskilled]
   morning star       [Unskilled]
   flail              [Unskilled]
   hammer             [Unskilled]
   quarterstaff       [Unskilled]
   polearms           [Unskilled]
   spear              [Unskilled]
   trident            [Unskilled]
   lance              [Unskilled]
   bow                [Unskilled]
   sling              [Unskilled]
   crossbow           [Unskilled]
   dart               [Basic]
   shuriken           [Unskilled]
   boomerang          [Unskilled]
   whip               [Unskilled]
   unicorn horn       [Unskilled]
 Spellcasting Skills
   divination spells  [Unskilled]
   enchantment spells [Unskilled]
   escape spells      [Unskilled]

Voluntary challenges:
 Character rerolling was not enabled.
 You went without food.
 You were an atheist.
 You never hit with a wielded weapon.
 You never genocided any monsters.
 You never polymorphed an object.
 You used no wishes.
Achievement:
 You entered a shop.

 The Dungeons of Doom: levels 1 to 5
    Level 1:
    Level 2:
       A general store.
    Level 3:
    Level 4:
    Level 5: <- You were here.
       An armor shop, some fountains.
       Final resting place for
          you, killed by a system shock.


Vanquished creatures:
 an iguana
  a hobbit
  a hobgoblin
  a gnome zombie
  4 jackals
  a fox
  a kobold
  a grid bug
  2 lichens
  5 newts
18 creatures vanquished.

No species were genocided or became extinct.

Game over:
                       ----------
                      /          \
                     /    REST    \
                    /      IN      \
                   /     PEACE      \
                  /                  \
                  |    JohnDarcy     |
                  |      898 Au      |
                  |   killed by a    |
                  |   system shock   |
                  |                  |
                  |                  |
                  |       2026       |
                 *|     *  *  *      | *
        _________)/\\_//(\/(/\)/\//\/|_)_______

Aloha JohnDarcy the Tourist...

You died in The Dungeons of Doom on dungeon level 5 with 466 points,
and 898 pieces of gold, after 1023 moves.
You were level 2 with a maximum of 19 hit points when you died.

